 Dungeon Crawl Stone Soup version 0.28-a0-627-g4e9751bbfc (webtiles) character file.

Game seed: 18230505230870238459

520 fvbrj the Vexing (level 7, -1/32 HPs)
             Began as a Spriggan Enchanter on Oct 8, 2021.
             Slain by a water moccasin zombie (5 damage)
             ... on level 5 of the Dungeon.
             The game lasted 00:07:56 (5873 turns).

fvbrj the Vexing (Spriggan Enchanter)               Turns: 5873, Time: 00:07:57

Health: -1/32      AC:  2    Str:  6    XL:     7   Next: 1%
Magic:  18/18      EV: 17    Int: 16    God:
Gold:   150        SH:  0    Dex: 16    Spells: 11/19 levels left

rFire   . . .      SeeInvis +   f - +0 dagger (freeze)
rCold   . . .      Faith    .   (shield restricted)
rNeg    . . .      Spirit   .   b - +0 robe
rPois   .          Reflect  .   (helmet restricted)
rElec   .          Harm     .   (no cloak)
rCorr   .          Rampage  .   (gloves unavailable)
Will    +....                   (boots unavailable)
Stlth   +++.......              (no amulet)
HPRegen 0.10/turn               (no ring)
MPRegen 0.16/turn               (no ring)

@: very quick
A: very small, no large weapons, unfitting armour, see invisible, speed 3
a: no special abilities


You were on level 5 of the Dungeon.
You visited 1 branch of the dungeon, and saw 5 of its levels.

You collected 150 gold pieces.

Inventory:

Hand Weapons
 a - a +1 dagger
 f - a +0 dagger of freezing (weapon)
 j - a +0 rapier
Armour
 b - a +0 robe (worn)
Wands
 e - a wand of flame (24)
Scrolls
 l - 2 scrolls of identify
Potions
 c - a potion of invisibility
 d - a potion of brilliance
 g - a potion of curing
 h - a potion of ambrosia
 k - a potion of heal wounds


   Skills:
 - Level 1.1 Short Blades
 - Level 2.6 Dodging
 + Level 4.7 Stealth
 + Level 6.7 Spellcasting
 + Level 7.2 Hexes


You had 11 spell levels left.
You knew the following spells:

 Your Spells              Type           Power      Damage    Failure   Level
a - Ensorcelled Hibernat  Hex/Ice        32%        N/A       4%          2
b - Tukima's Dance        Hex            28%        N/A       1%          3
c - Dazzling Flash        Conj/Hex       32%        N/A       9%          3

Your spell library contained the following spells:

 Spells                   Type           Power      Damage    Failure   Level
 Slow                     Hex            28%        N/A       1%          2
 Confusing Touch          Hex            28%        N/A       1%          3
 Portal Projectile        Hex/Tloc       32%        N/A       9%          3
 Animate Skeleton         Necr           10%        N/A       13%         1
 Pain                     Necr           20%        1d5       13%         1
 Passwall                 Tmut/Erth      4%         N/A       19%         2
 Gell's Gravitas          Tloc           2%         N/A       36%         3
 Swiftness                Air            5%         N/A       36%         3
 Teleport Other           Tloc           5%         N/A       36%         3
 Vampiric Draining        Necr           2%         2d6       36%         3
 Summon Mana Viper        Hex/Summ       16%        N/A       63%         5
 Yara's Violent Unravell  Hex/Tmut       8%         3d5       63%         5
 Invisibility             Hex            14%        N/A       71%         6
 Blade Hands              Tmut           2%         N/A       98%         5
 Excruciating Wounds      Necr           2%         N/A       98%         5
 Summon Forest            Summ/Tloc      2%         N/A       98%         5
 Dispersal                Tloc           2%         N/A       100%        6
 Summon Cactus Giant      Summ           2%         N/A       100%        6


Dungeon Overview and Level Annotations

Branches:
Dungeon (5/15)
 Temple: D:4-7

Altars:
Elyvilon
Hepliaklqana
Qazlal


Innate Abilities, Weirdness & Mutations

You are very small and have problems with some larger weapons.
You are too small for most types of armour.
You have supernaturally acute eyesight. (SInv)
You cover ground extremely quickly. (Speed+++)


Message History

The water moccasin zombie is heavily damaged.
The water moccasin zombie closely misses you.
You hit the water moccasin zombie.
The water moccasin zombie is heavily damaged.
The water moccasin zombie bites you but does no damage.
You closely miss the water moccasin zombie.
The water moccasin zombie is heavily damaged.
The water moccasin zombie barely misses you.
The water moccasin zombie closely misses you.
You hit the water moccasin zombie.
The water moccasin zombie is severely damaged.
The water moccasin zombie barely misses you.
You hit the water moccasin zombie.
The water moccasin zombie is severely damaged.
The water moccasin zombie barely misses you.
You hit the water moccasin zombie.
The water moccasin zombie is severely damaged.
The water moccasin zombie misses you.
You hit the water moccasin zombie but do no damage.
The water moccasin zombie is severely damaged.
The water moccasin zombie bites you.
You hit the water moccasin zombie but do no damage.
The water moccasin zombie is severely damaged.
The water moccasin zombie misses you.
You closely miss the water moccasin zombie.
The water moccasin zombie is severely damaged.
The water moccasin zombie bites you.
* * * LOW HITPOINT WARNING * * *
The water moccasin zombie misses you.
You barely miss the water moccasin zombie.
The water moccasin zombie is severely damaged.
The water moccasin zombie misses you.
You hit the water moccasin zombie.
The water moccasin zombie is severely damaged.
The water moccasin zombie bites you.
* * * LOW HITPOINT WARNING * * *
You hit the water moccasin zombie.
The water moccasin zombie is severely damaged.
The water moccasin zombie bites you.
You die...

# #..# ## #. #..#
#.# #. #..# #.# ..
#####..##### #$#
.####.. #..........#
#Z##.......
.......)...# #@#†..#
...........######.#
.....<...........#.#
...........#########
...........#
...........#
...........#
###..$.....#
#...#....#


You could see a water moccasin zombie.

Vanquished Creatures
  Eustachio (D:4)
  A phantom (D:4)
  A scorpion (D:4)
  A howler monkey (D:4)
  A bullfrog skeleton (D:3)
  An iguana (D:5)
  Jessica (D:2)
  3 gnolls (D:5)
  3 adders
  2 worms (D:2)
  3 dart slugs
  An orc (D:4)
  6 endoplasms
  3 giant cockroaches
  5 goblins
  5 hobgoblins
  6 quokkas
  6 ball pythons
  4 bats
  6 frilled lizards
  4 kobolds
  5 rats
69 creatures vanquished.

Notes
Turn   | Place    | Note
-------+----------+-------------------------------------------
     0 | D:1      | fvbrj the Spriggan Enchanter began the quest for the Orb.
     0 | D:1      | Reached XP level 1. HP: 9/9 MP: 5/5
   382 | D:1      | Found a faded altar of an unknown god.
   471 | D:1      | Reached skill level 4 in Hexes
   471 | D:1      | Reached XP level 2. HP: 12/13 MP: 7/7
   483 | D:1      | Learned a level 2 spell: Ensorcelled Hibernation
  1116 | D:2      | Noticed Jessica
  1121 | D:2      | Killed Jessica
  1122 | D:2      | Reached XP level 3. HP: 16/16 MP: 3/9
  1768 | D:2      | Learned a level 3 spell: Tukima's Dance
  1772 | D:2      | Learned a level 3 spell: Dazzling Flash
  1929 | D:2      | Reached XP level 4. HP: 21/21 MP: 11/11
  2160 | D:3      | Reached skill level 5 in Hexes
  2604 | D:3      | HP: 1/21 [bullfrog skeleton (6)]
  4418 | D:3      | Found a white marble altar of Elyvilon.
  4426 | D:3      | Found a hazy altar of Hepliaklqana.
  4618 | D:4      | Noticed a water elemental
  4619 | D:4      | Found a stormy altar of Qazlal.
  4633 | D:4      | Noticed an earth elemental
  4633 | D:4      | Noticed a fire elemental
  4633 | D:4      | Noticed an air elemental
  4771 | D:4      | Reached skill level 5 in Spellcasting
  4771 | D:4      | Reached XP level 5. HP: 24/24 MP: 9/13
  4843 | D:4      | Noticed Eustachio
  4868 | D:4      | HP: 1/24 [white imp/puff of frost[Eustachio] (10)]
  4872 | D:4      | Killed Eustachio
  4873 | D:4      | Reached skill level 6 in Hexes
  4873 | D:4      | Reached XP level 6. HP: 27/28 MP: 6/15
  5267 | D:4      | Reached skill level 7 in Hexes
  5532 | D:5      | Entered Level 5 of the Dungeon
  5839 | D:5      | Reached XP level 7. HP: 32/32 MP: 15/18
  5873 | D:5      | Slain by a water moccasin zombie

Illustrated notes

Levels and vault maps discovered:
D:1:      roderic_dead_forest, layout_loops_ring, basic_ecumenical_altar
D:2:      layout_basic, uniq_jessica
D:3:      layout_rooms, amethyst_overflow_temple_binary
D:4:      layout_basic, nicolae_qazlal_style_of_elements, uniq_eustachio
D:5:      wad_crossroads, layout_rooms,
          nicolae_uskayaw_murder_on_the_dancefloor,
          minmay_temple_entry_poolview, glass_columns_b,
          chequers_serial_rivers_room_b, uniq_menkaure

Skill      XL: |  1  2  3  4  5  6 |
---------------+-------------------+-----
Spellcasting   | 3 4 5 6 |  6.7
Hexes          | 4 5 6 7 |  7.2
Short Blades   | |  1.1
Dodging        | |  2.6
Stealth        | |  4.7

Action                   |  1- 3 |  4- 6 |  7- 9 || total
-------------------------+-------+-------+-------++-------
Melee: Dagger            |   110 |   120 |    34 ||   264
 Cast: Ensorcelled Hiber |    14 |    29 |       ||    43
Evoke: Wand              |       |    10 |       ||    10
  Use: Scroll            |     2 |     5 |       ||     7
       Potion            |       |     1 |       ||     1
 Stab: Sleeping          |    16 |    20 |       ||    36
       Distracted        |     2 |       |       ||     2
       Paralysed         |       |     2 |       ||     2
Armor: Robe              |    12 |    18 |     2 ||    32
Dodge: Dodged            |    80 |   119 |    27 ||   226

Table legend: (Time is in decaauts)
 A = Elapsed time spent in this place.
 B = Non-inter-level travel time spent in this place.
 C = Inter-level travel time spent in this place.
 D = Time resting spent in this place.
 E = Time spent auto-exploring this place.
 F = Levels seen in this place.
 G = Mean time per level.
                   A        B        C        D        E       F      G
               +--------+--------+--------+--------+--------+-----+--------+
         Total |   5016 |   4965 |     51 |   2009 |   2331 |   5 | 1003.2 |
       Dungeon |   5016 |   4965 |     51 |   2009 |   2331 |   5 | 1003.2 |
               +--------+--------+--------+--------+--------+-----+--------+

Top non-repeatable levels by time:
     D:2: 2263 daAuts
     D:1: 838 daAuts
     D:4: 803 daAuts
     D:3: 799 daAuts
     D:5: 312 daAuts
